 Dungeon Crawl Stone Soup version 0.23-a0-586-gacb4b3f (webtiles) character file.

55100 Amnesiac the Carver (level 14, -12/75 HPs)
             Began as a Spriggan Berserker on Dec 16, 2018.
             Was the Champion of Trog.
             Mangled by a white ugly thing (29 damage)
             ... on level 12 of the Dungeon on Dec 19, 2018.
             The game lasted 00:57:05 (20074 turns).

Amnesiac the Carver (Spriggan Berserker)           Turns: 20074, Time: 00:57:06

Health: -12/75     AC:  8    Str: 17    XL:     14   Next: 37%
Magic:  24/24      EV: 29    Int: 10    God:    Trog [******]
Gold:   1536       SH: 10    Dex: 18    Spells: 13/13 levels left

rFire    . . .     SeeInvis +   a - +3 demon blade (elec)
rCold    . . .     Gourm    .   B - +2 buckler
rNeg     . . .     Faith    +   i - +0 troll leather armour
rPois    +         Spirit   .   O - +0 hat
rElec    +         Reflect  .   E - +2 cloak
rCorr    .         Harm     .   (gloves unavailable)
MR       ++...                  (boots unavailable)
Stlth    +.........             G - amulet of faith
HPRegen  0.62/turn              U - ring "Osyxkica" {rElec rPois}
MPRegen  0.19/turn              c - +3 ring of dexterity

@: very quick
A: very small, unfitting armour, see invisible, herbivore, speed 3, poison
resistance, shaggy fur 1, slow metabolism 2, MP-powered wands
a: Berserk, Trog's Hand, Brothers in Arms, Renounce Religion


You were on level 12 of the Dungeon.
You worshipped Trog.
Trog was exalted by your worship.
You were full.

You visited 4 branches of the dungeon, and saw 21 of its levels.
You also visited: Ice Cave.

You collected 1536 gold pieces.

Inventory:

Hand Weapons
 a - a +3 demon blade of electrocution (weapon)
 b - the +3 demon blade "Quely" {freeze, rF+ MP+9 Dex+2}
   (You found it in an ice cave)

   It has been specially enchanted to freeze those struck by it, causing extra
   injury to most foes and up to half again as much damage against particularly
   susceptible opponents.
   It can also slow down cold-blooded creatures.
   It affects your dexterity (+2).
   It protects you from fire.
   It affects your magic capacity (+9).
Missiles
 f - 3 throwing nets (quivered)
Armour
 i - a +0 troll leather armour (worn)
 u - a scarf of cloud immunity
 B - a +2 buckler (worn)
 E - a +2 cloak (worn)
 O - a +0 hat (worn)
Jewellery
 c - a +3 ring of dexterity (right hand)
 w - an uncursed ring of fire
 G - an amulet of faith (around neck)
 U - the ring "Osyxkica" (left hand) {rElec rPois}
   (You found it on level 7 of the Dungeon)

   [ring of poison resistance]

   It insulates you from electricity.
   It protects you from poison.
Wands
 l - a wand of iceblast (21)
 q - a wand of random effects (26)
 x - a wand of paralysis (8)
 z - a wand of enslavement (4)
 L - a wand of digging (5)
 T - a wand of flame (11)
Scrolls
 d - 4 scrolls of enchant armour {!r}
 e - 6 scrolls of teleportation {!r}
 k - 3 scrolls of magic mapping {!r}
 n - a scroll of brand weapon {!r, unknown}
 o - 2 scrolls of fog {!r}
 p - 2 scrolls of remove curse {!r}
 s - 2 scrolls of identify {!r}
 y - 4 scrolls of fear {!r, unknown}
 C - 2 scrolls of silence {!r}
 P - a scroll of holy word {!r, unknown}
 Q - a scroll of summoning {!r}
Potions
 g - 7 potions of curing {!q}
 j - 2 potions of mutation {!q}
 t - a potion of haste {!q}
 v - 3 potions of resistance {!q}
 A - a potion of invisibility {!q}
 F - a potion of magic {!q}
 I - 2 potions of lignification {!q}
 J - a potion of might {!q}
 M - 2 potions of flight {!q, unknown}
 N - a potion of agility {!q}
 R - a potion of heal wounds {!q}
 S - a potion of ambrosia {!q}
Miscellaneous
 D - a phial of floods
 K - a lightning rod (4/4)
Comestibles
 r - 9 rations


   Skills:
 * Level 9.1 Fighting
 - Level 14.0 Long Blades
 - Level 13.0 Dodging
 - Level 7.2 Shields
 - Level 13.0 Evocations


You had 13 spell levels left.
You didn't know any spells.
Your spell library contained the following spells:

 Spells                   Type           Power        Failure   Level  Hunger
 Corona                   Hex            #......      43%         1    ##.....
 Infusion                 Chrm           #...         43%         1    ##.....
 Sting                    Conj/Pois      #...         43%         1    ##.....
 Blink                    Tloc           N/A          56%         2    ###....
 Ensorcelled Hibernation  Hex/Ice        #.....       56%         2    ###....
 Shroud of Golubria       Chrm/Tloc      #.........   56%         2    ###....
 Confuse                  Hex            #.......     80%         3    ####...
 Dazzling Spray           Conj/Hex       #.....       80%         3    ####...
 Recall                   Summ/Tloc      N/A          80%         3    ####...
 Regeneration             Chrm/Necr      #.........   80%         3    ####...
 Spectral Weapon          Hex/Chrm       #.......     80%         3    ####...
 Teleport Other           Tloc           #.......     80%         3    ####...
 Tukima's Dance           Hex            #.......     80%         3    ####...
 Summon Lightning Spire   Summ/Air       #.......     99%         4    #####..
 Excruciating Wounds      Chrm/Necr      #.........   100%        5    ######.
 Iskenderun's Battlesphe  Conj/Chrm      #.......     100%        5    ######.
 Silence                  Hex/Air        #.........   100%        5    ######.
 Venom Bolt               Conj/Pois      #.........   100%        5    ######.
 Yara's Violent Unravell  Hex/Tmut       #.........   100%        5    ######.
 Conjure Ball Lightning   Conj/Air       #.........   100%        6    #######
 Deflect Missiles         Chrm/Air       #.........   100%        6    #######
 Tornado                  Air            #.........   100%        9    #######


Dungeon Overview and Level Annotations

Branches:
Dungeon (12/15)            Temple (1/1) D:5            Lair (6/6) D:11
  Swamp (0/4) Lair:2       Spider (0/4) Lair:2        Slime (0/5) Lair:5
    Orc (2/2) D:9             Elf (0/3) Orc:2

Altars:
Ashenzari
Cheibriados
Dithmenos
Elyvilon
Fedhas
Gozag
Hepliaklqana
Kikubaaqudgha
Makhleb
Nemelex Xobeh
Okawaru
Qazlal
Ru
Sif Muna
Trog
Uskayaw
Vehumet
Wu Jian
Xom
Yredelemnul
Zin
The Shining One
Jiyva

Portals:
Trove: D:11 (give +3 gold dragon scales)

Annotations:
D:10 2 runed doors, XanderDroid's ghost, novice MiBe


Innate Abilities, Weirdness & Mutations

You are very small and have problems with some larger weapons.
You are too small for most types of armour.
You have supernaturally acute eyesight. (SInv)
You are a herbivore.
You cover ground extremely quickly.
You need to consume almost no food.
Your system is resistant to poisons. (rPois)
You are covered in fur. (AC +1)
You expend magic power (3 MP) to strengthen your wands.


Message History

You drop a glowing scimitar {god gift}.
You see here a scorpion corpse.
Found a stone staircase leading up.
An acid dragon comes into view.
An acid dragon is nearby!
An acid dragon is nearby!
A worker ant comes into view.
The acid dragon spits acid at you. The splash of acid hits you!
You are splashed with acid!
The acid burns!
The worker ant twitches its antennae in your direction.
You barely miss the acid dragon. The acid dragon closely misses you.
You block the acid dragon's attack.
You slash the acid dragon!
The acid dragon is heavily wounded.
The acid dragon misses you. You block the acid dragon's attack.
You hit the acid dragon but do no damage.
The acid dragon is heavily wounded.
You barely miss the acid dragon.
The acid dragon is heavily wounded.
The acid dragon completely misses you.
You riposte.
You barely miss the acid dragon.
The acid dragon is heavily wounded.
The acid dragon closely misses you.
You slash the acid dragon!
Lightning courses through the acid dragon!
You kill the acid dragon!
Trog accepts your kill.
You closely miss the worker ant. You slash the worker ant!
The worker ant is heavily wounded.
The worker ant barely misses you.
You barely miss the worker ant.
The worker ant is heavily wounded.
The worker ant bites you.
You hit the worker ant.
The worker ant is severely wounded.
The worker ant completely misses you.
You riposte.
You slice the worker ant!!
Lightning courses through the worker ant!
You kill the worker ant!
Trog accepts your kill.
No target in view!
As you open the door, it creaks loudly!
You hear a shout! x2
You hear a horrible gurgling sound!
You hear a shout!
A white ugly thing comes into view.
There is an open door here.
A white ugly thing is nearby!
A white ugly thing is nearby!
An orc opens the door.
You barely miss the white ugly thing. The white ugly thing gores you.
The white ugly thing freezes you!!
* * * LOW HITPOINT WARNING * * *
You hit the white ugly thing but do no damage.
You slash the white ugly thing!
The white ugly thing is lightly wounded.
The white ugly thing closely misses you.
You riposte.
You barely miss the white ugly thing.
The white ugly thing is lightly wounded.
A sky beast comes into view.
You hit the white ugly thing.
The white ugly thing is lightly wounded.
The white ugly thing gores you!
* * * LOW HITPOINT WARNING * * *
The white ugly thing freezes you!!
You die...

#.. ...#....# #...
..#....# #... #.#....#
#....#.#....# .......
#....#.'....#........
#....#.#...†##......
#......#....##....#
#......#....##....#
#.....@#....##....##
#.....u#...........#
#......#...........#
#......#....##.....#
#......#....##....#####
#......#....##.†..##.<.
#...##.#....##)...##...
#..Y #.#...............
#...............


You could see a white ugly thing and a sky beast.

Vanquished Creatures
  An ettin (Orc:2)
  8 hydras
  2 two-headed ogres
  4 death yaks (Lair:6)
  An unseen horror (D:11)
  The ghost of Lavandula the Slicer, a novice HaEn of Hepliaklqana (D:7)
  An orb spider (Lair:2)
  An oklob plant (Lair:6)
  A deep elf mage (Orc:2)
  2 ugly things (D:11)
  2 ice statues (IceCv)
  3 torpor snails
  17 elephants
  5 black mambas
  4 spiny frogs
  Psyche (D:9)
  3 komodo dragons
  A rime drake (Lair:2)
  9 ice devils (IceCv)
  5 trolls
  A merfolk (D:9)
  A polar bear (Lair:4)
  Prince Ribbit (D:7)
  4 hippogriffs
  11 dream sheep
  14 blink frogs
  2 bog bodies (Lair:2)
  Sigmund (D:2)
  39 yaks
  3 wyverns
  A basilisk (Lair:5)
  Menkaure (D:7)
  A steam dragon (D:7)
  2 hungry ghosts (D:10)
  An acid dragon (D:12)
  2 two-headed ogre zombies (D:9)
  9 water moccasins
  8 orc warriors
  7 porcupines
  4 black bears
  2 ice beasts
  4 sky beasts
  4 phantoms
  An eye of draining (D:8)
  18 wolves
  6 ogres
  5 worker ants
  4 centaurs
  11 crocodiles
  A big kobold (D:11)
  13 bullfrogs
  A gnoll sergeant (D:10)
  3 scorpions
  2 troll zombies (D:9)
  33 killer bees
  6 howler monkeys
  3 electric eels
  6 crimson imps
  2 quasits
  A bullfrog zombie (D:6)
  A centaur skeleton (D:4)
  7 hounds
  4 jellies
  16 orc wizards
  3 bullfrog skeletons
  11 orc priests
  Jessica (D:3)
  Ijyb (D:5)
  Terence (D:2)
  An iguana (D:5)
  3 ogre zombies (D:9)
  2 hound skeletons
  2 worker ant zombies
  7 gnolls
  13 adders
  A shadow imp (D:6)
  7 white imps (IceCv)
  6 ufetubi (IceCv)
  An ooze (D:1)
  An adder skeleton (D:4)
  4 worms
  2 dart slugs
  9 leopard geckos
  38 orcs
  5 bats
  4 giant cockroaches
  5 goblins
  9 hobgoblins
  6 jackals
  11 kobolds
  9 quokkas
  A ball python (D:7)
  5 frilled lizards
  2 goblin skeletons (D:9)
  A goblin zombie (D:9)
  2 hobgoblin skeletons (D:9)
  2 hobgoblin zombies (D:9)
  A jackal skeleton (D:8)
  18 orc zombies (D:9)
  A quokka skeleton (D:5)
  4 rats
  3 plants
542 creatures vanquished.

Vanquished Creatures (collateral kills)
  A catoblepas (Lair:6)
  A deep troll shaman (Lair:6)
  2 death yaks (Lair:6)
  An orc knight (Orc:2)
  A lindwurm (Lair:6)
  4 oklob plants (Lair:3)
  A troll (Orc:2)
  A hungry ghost (D:9)
  An ogre (Orc:2)
  An orc priest (Orc:2)
  An orc wizard (Orc:2)
  An ogre zombie (D:9)
  2 orcs (Orc:2)
18 creatures vanquished.

Vanquished Creatures (others)
  A reaper (IceCv)
  An electric eel (D:9)
  A sky beast (D:8)
  3 white imps (IceCv)
  3 ufetubi (IceCv)
  6 fungi
  6 plants
  21 toadstools (Lair:6)
42 creatures vanquished.

Grand Total: 602 creatures vanquished

Notes
Turn   | Place    | Note
-------+----------+-------------------------------------------
     0 | D:1      | Amnesiac the Spriggan Berserker began the quest for the
                  | Orb.
     0 | D:1      | Reached XP level 1. HP: 11/11 MP: 2/2
   138 | D:1      | Reached XP level 2. HP: 14/16 MP: 3/3
   640 | D:2      | Reached skill level 3 in Long Blades
   781 | D:2      | Reached XP level 3. HP: 18/19 MP: 4/4
   787 | D:2      | Reached skill level 5 in Dodging
  1009 | D:2      | Reached ** piety under Trog
  1394 | D:2      | Noticed Terence
  1407 | D:2      | Killed Terence
  1407 | D:2      | Reached XP level 4. HP: 23/23 MP: 5/5
  1453 | D:2      | Noticed Sigmund
  1486 | D:2      | Killed Sigmund
  1486 | D:2      | Reached skill level 4 in Long Blades
  1486 | D:2      | Reached XP level 5. HP: 28/28 MP: 6/6
  1569 | D:2      | Upgraded the game from 0.23-a0-582-g1b4a0ca to
                  | 0.23-a0-586-gacb4b3f
  1887 | D:3      | Found a bloodstained altar of Trog.
  1907 | D:3      | Found a shimmering altar of Xom.
  1921 | D:3      | Found a sacrificial altar of Ru.
  1923 | D:3      | Found a basalt altar of Yredelemnul.
  2117 | D:3      | Reached XP level 6. HP: 23/32 MP: 7/7
  2502 | D:5      | Entered Level 5 of the Dungeon
  2644 | D:5      | Reached skill level 5 in Long Blades
  2973 | D:3      | Found a sparkling altar of Nemelex Xobeh.
  2973 | D:3      | Noticed Jessica
  2987 | D:3      | Killed Jessica
  3102 | D:3      | Reached XP level 7. HP: 24/36 MP: 8/8
  3109 | D:3      | HP: 1/36 [orc wizard/puff of flame (8)]
  3656 | D:4      | Reached *** piety under Trog
  3830 | D:4      | Reached skill level 6 in Long Blades
  4708 | D:5      | Reached XP level 8. HP: 18/40 MP: 9/9
  4737 | D:5      | Noticed Ijyb
  4917 | D:6      | Found a shimmering altar of Xom.
  5034 | D:8      | Reached skill level 7 in Long Blades
  5141 | D:8      | Noticed a two-headed ogre
  5150 | D:8      | Killed a two-headed ogre
  5150 | D:8      | Reached skill level 8 in Long Blades
  5150 | D:8      | Reached skill level 10 in Dodging
  5266 | D:8      | Noticed Psyche
  5380 | D:7      | Reached XP level 9. HP: 39/44 MP: 10/10
  5469 | D:9      | Killed Psyche
  5527 | D:10     | Entered Level 10 of the Dungeon
  5540 | D:10     | Reached skill level 9 in Long Blades
  5720 | D:10     | Gained mutation: You expend magic power (3 MP) to
                  | strengthen your wands. [potion of mutation]
  5720 | D:10     | Gained mutation: You are covered in fur. (AC +1) [potion of
                  | mutation]
  5720 | D:10     | Gained mutation: Your system is resistant to poisons.
                  | (rPois) [potion of mutation]
  5966 | D:9      | Reached **** piety under Trog
  6171 | D:10     | Noticed a troll
  6382 | D:8      | Found an opulent altar of Gozag.
  6597 | D:7      | Reached ***** piety under Trog
  6597 | D:7      | Reached skill level 10 in Long Blades
  6597 | D:7      | HP: 2/44 [poisoned by a killer bee]
  6604 | D:7      | HP: 2/44 [poisoned by a killer bee]
  6840 | D:8      | Reached XP level 10. HP: 31/49 MP: 0/11
  7438 | D:9      | Received a gift from Trog
  7491 | D:9      | Found a staircase to the Orcish Mines.
  8002 | Orc:1    | Entered Level 1 of the Orcish Mines
  8280 | Orc:2    | Entered Level 2 of the Orcish Mines
  8280 | Orc:2    | Noticed an ettin
  8284 | Orc:2    | Noticed an orc knight
  8294 | Orc:2    | Killed an orc knight
  8317 | Orc:2    | Killed an ettin
  8317 | Orc:2    | Reached skill level 11 in Long Blades
  8430 | Orc:1    | Noticed an orc knight
  8479 | Orc:2    | Found a staircase to the Elven Halls.
  8522 | Orc:2    | Noticed a deep elf mage
  8524 | Orc:2    | Noticed a deep elf knight
  8524 | Orc:2    | Noticed a deep elf mage
  8525 | Orc:2    | Noticed an orc high priest
  8526 | Orc:2    | Noticed an orc sorcerer
  8528 | Orc:2    | Noticed a soul eater
  8529 | Orc:2    | Noticed an orc warlord
  8530 | Orc:2    | Noticed an orc high priest
  8531 | Orc:2    | Noticed a sun demon
  8535 | Orc:2    | Killed a deep elf mage
  8910 | D:10     | Reached skill level 12 in Long Blades
  8910 | D:10     | Reached XP level 11. HP: 52/52 MP: 12/12
  8916 | D:10     | Noticed a two-headed ogre
  8962 | D:10     | Killed a two-headed ogre
  9018 | D:10     | Found a large runed door.
  9018 | D:10     | Found a large runed door.
  9019 | D:10     | Noticed XanderDroid's ghost (novice MiBe)
  9106 | D:11     | Noticed a purple ugly thing
  9214 | D:11     | Found a portal to a secret trove of treasure.
  9368 | D:11     | Killed a purple ugly thing
  9516 | D:11     | Reached skill level 13 in Long Blades
  9660 | D:11     | Reached skill level 1 in Evocations
  9666 | D:11     | Noticed a green ugly thing
  9705 | D:11     | Killed a green ugly thing
  9788 | D:11     | Noticed an unseen horror
  9801 | D:11     | Killed an unseen horror
  9801 | D:11     | Reached skill level 5 in Fighting
  9853 | D:11     | Received a gift from Trog
  9979 | D:11     | Found a staircase to the Lair.
 10238 | Lair:1   | Entered Level 1 of the Lair of Beasts
 10393 | Lair:1   | Noticed a four-headed hydra
 10412 | Lair:1   | Killed a four-headed hydra
 10546 | Lair:1   | Found a hazy altar of Hepliaklqana.
 10563 | Lair:1   | Noticed a seven-headed hydra
 10580 | Lair:1   | Killed a seven-headed hydra
 10580 | Lair:1   | Reached XP level 12. HP: 33/60 MP: 15/15
 11142 | Lair:2   | Found a hole to the Spider Nest.
 11356 | Lair:2   | Found a staircase to the Swamp.
 11376 | Lair:2   | Reached skill level 5 in Evocations
 11463 | Lair:2   | Reached skill level 1 in Shields
 12249 | Lair:3   | Reached skill level 14 in Long Blades
 12459 | Lair:3   | Noticed a six-headed hydra
 12478 | Lair:3   | Killed a six-headed hydra
 12737 | Lair:3   | Noticed an eight-headed hydra
 12796 | Lair:3   | Killed an eight-headed hydra
 13300 | Lair:4   | Received a gift from Trog
 13320 | Lair:4   | Got a polished eveningstar {god gift}
 13454 | Lair:4   | Reached XP level 13. HP: 65/65 MP: 20/20
 13584 | Lair:4   | Reached skill level 5 in Shields
 14682 | Lair:5   | Found a viscous altar of Jiyva.
 14682 | Lair:5   | Found a staircase to the Slime Pits.
 14789 | Lair:5   | Identified the Collected Works on Enthralling Dislocation
 14817 | Lair:5   | Received a gift from Trog
 14820 | Lair:5   | Got a bloodstained long sword {god gift}
 14821 | Lair:5   | Identified the +4 long sword of Noeddoi {protect, +Fly rC+
                  | Dex+4} (Trog gifted it to you on level 5 of the Lair of
                  | Beasts)
 14864 | Lair:5   | Reached skill level 10 in Evocations
 15043 | Lair:6   | Entered Level 6 of the Lair of Beasts
 15216 | Lair:6   | Found a frozen archway.
 15231 | IceCv    | Entered an ice cave
 15457 | IceCv    | Reached ****** piety under Trog
 15526 | IceCv    | Killed a reaper
 15794 | IceCv    | Got a dazzling demon blade
 15795 | IceCv    | Identified the +3 demon blade "Quely" {freeze, rF+ MP+9
                  | Dex+2} (You found it in an ice cave)
 16562 | Lair:6   | Reached XP level 14. HP: 72/72 MP: 24/24
 16674 | Lair:6   | Found a blossoming altar of Fedhas.
 17035 | Lair:6   | Received a gift from Trog
 17043 | Lair:6   | Identified the Volume of Helpful Poison
 17789 | D:5      | Found a glowing silver altar of Zin.
 17949 | D:5      | Found a staircase to the Ecumenical Temple.
 18029 | D:5      | Found a bloodstained altar of Trog.
 18131 | D:5      | Killed Ijyb
 18201 | D:5      | Found a burning altar of Makhleb.
 18338 | Temple   | Entered the Ecumenical Temple
 18490 | D:6      | Received a gift from Trog
 19149 | D:7      | Found a white marble altar of Elyvilon.
 19164 | D:7      | Found a large runed door.
 19164 | D:7      | Found a large runed door.
 19172 | D:7      | Noticed Lavandula's ghost (novice HaEn)
 19193 | D:7      | Noticed Prince Ribbit
 19204 | D:7      | Killed Prince Ribbit
 19225 | D:7      | Killed Lavandula's ghost
 19230 | D:7      | Got an ancient bronze ring
 19236 | D:7      | Identified the ring "Osyxkica" {rElec rPois} (You found it
                  | on level 7 of the Dungeon)
 19254 | D:7      | Noticed Menkaure
 19260 | D:7      | Killed Menkaure
 20030 | D:12     | Received a gift from Trog
 20074 | D:12     | Mangled by a white ugly thing

Vault maps used:
D:1:      evilmike_arrival_rings
D:2:      uniq_terence, uniq_sigmund
D:3:      minitemple, first_ration, nemelex_lonely_heart_becter
D:4:      wad_pebble_path, minmay_divided_ellipse
D:5:      nicolae_overflow_crystal_walls, minmay_temple_entry_mini_moons,
          basic_altar, trog_hazing_becter, uniq_ijyb
D:6:      xom_teletrap_fun
D:7:      ebering_ghost_disaster_area, basic_altar, uniq_prince_ribbit1,
          uniq_menkaure
D:8:      kennysheep_mini_moat, uniq_psyche
D:9:      zombieorc2_lemuel, hangedman_fish_farm, fungi_pond_lemuel,
          glass_columns_a
D:10:     ebering_ghost_disaster_area
D:11:     erik_lair_island, enter_trove_2, serial_co_window_serial,
          co_window_paths_a, co_window_cross_1, co_window_of_opportunity_a,
          co_window_paths_a, co_window_paths_b, co_window_corner_b,
          co_window_broadway_a, co_window_2corner, co_window_sun,
          co_window_4corner_b, glass_columns_c, glass_columns_b
D:12:     basic_altar
Temple:   lightli_temple_of_artemis
Lair:1:   basic_altar
Lair:2:   skrybe_swamp_entry_bodies, nicolae_spider_entry_orb_guardian,
          fungi_pond_lemuel, grunt_megastairs_1, lemuel_fruit_tree,
          infiniplex_staircase_pool
Lair:3:   cheibrodos_lair_river_kwai, grunt_megastairs_3,
          minmay_lair_oklob_chamber
Lair:4:   grunt_megastairs_2
Lair:5:   slime_altar_1
Lair:6:   grunt_lair_end_beastmaster, portal_ice_cave_entry_pillars_1,
          tgw_fedhas, serial_bayou_shore_b, lemuel_fruit_fields,
          serial_bayou_shore_b, lemuel_fruit_fields
Orc:1:    sword_in_stone
Orc:2:    st_orc_mages, elf_legates
IceCv:    ice_cave_small_demon

Skill      XL: |  1  2  3  4  5  6  7  8  9 10 11 12 13 14 |
---------------+-------------------------------------------+-----
Long Blades    | 3 4 5 6 8 10 12 13 14 | 14.0
Dodging        | 5 6 7 8 10 12 13 | 13.0
Fighting       | 3 5 6 7 9 |  9.1
Evocations     | 3 8 12 13 | 13.0
Shields        | 4 7 |  7.2

Action                   |  1- 3 |  4- 6 |  7- 9 | 10-12 | 13-15 || total
-------------------------+-------+-------+-------+-------+-------++-------
Melee: Falchion          |    85 |   122 |   106 |   143 |   177 ||   633
       Short sword       |       |       |   264 |   931 |   361 ||  1556
       Long sword        |       |       |       |    12 |       ||    12
       Rapier            |       |       |       |    23 |       ||    23
       Demon blade       |       |       |       |       |   556 ||   556
Invok: Berserk           |     1 |     3 |     6 |       |       ||    10
       Brothers in Arms  |       |       |       |     1 |     1 ||     2
Evoke: Wand              |       |       |       |     7 |     4 ||    11
  Use: Scroll            |     1 |       |    14 |     2 |     4 ||    21
       Potion            |       |       |    13 |       |       ||    13
 Stab: Sleeping          |     2 |     1 |     1 |       |       ||     4
       Distracted        |       |     1 |     1 |       |     3 ||     5
  Eat: Ration            |       |     2 |     4 |     9 |     7 ||    22
Armor: Animal skin       |     4 |     6 |    25 |     8 |       ||    43
       Troll leather arm |       |       |       |    47 |    51 ||    98
Dodge: Dodged            |    70 |   106 |   352 |   665 |   512 ||  1705
Block: Buckler           |       |       |       |    77 |   312 ||   389
       Rpst.: Falchion   |    30 |    32 |    24 |    19 |    29 ||   134
       Long sword        |       |       |       |     1 |       ||     1
       Demon blade       |       |       |       |       |    79 ||    79

Table legend:
 A = Non-vault XP
 B = Vault XP
 C = Vault XP percentage of total XP
 D = Non-vault monster count
 E = Vault monster count
 F = Vault count percentage of total count
                 A         B        C        D         E       F
            +---------+---------+-------+---------+---------+-------
      Total |   55208 |   23507 |  29.9 |     420 |     138 |  24.7
            +---------+---------+-------+---------+---------+-------
        D:1 |      28 |       0 |   0.0 |      13 |       0 |   0.0
        D:2 |      63 |     256 |  80.3 |      25 |       2 |   7.4
        D:3 |     216 |      37 |  14.6 |      19 |       1 |   5.0
        D:4 |      64 |     304 |  82.6 |       4 |       9 |  69.2
        D:5 |    1247 |      46 |   3.6 |      34 |       7 |  17.1
        D:6 |    1242 |       0 |   0.0 |      33 |       0 |   0.0
        D:7 |    1136 |    1094 |  49.1 |      24 |       3 |  11.1
        D:8 |    1617 |       0 |   0.0 |      21 |       0 |   0.0
        D:9 |    1588 |    1581 |  49.9 |      16 |      38 |  70.4
       D:10 |    4751 |       0 |   0.0 |      37 |       0 |   0.0
       D:11 |    6121 |     768 |  11.1 |      47 |       7 |  13.0
       D:12 |     397 |       0 |   0.0 |       4 |       0 |   0.0
     Lair:1 |    2809 |       0 |   0.0 |       8 |       0 |   0.0
     Lair:2 |    3875 |    2163 |  35.8 |      13 |       7 |  35.0
     Lair:3 |    3674 |    3621 |  49.6 |      17 |      13 |  43.3
     Lair:4 |    7425 |     951 |  11.4 |      32 |       1 |   3.0
     Lair:5 |    4648 |       0 |   0.0 |      18 |       0 |   0.0
     Lair:6 |   12168 |    8064 |  39.9 |      32 |      21 |  39.6
      Orc:1 |     427 |       0 |   0.0 |       7 |       0 |   0.0
      Orc:2 |    1712 |     735 |  30.0 |      16 |       4 |  20.0
      IceCv |       0 |    3887 | 100.0 |       0 |      25 | 100.0
            +---------+---------+-------+---------+---------+-------
